 Dungeon Crawl Stone Soup version 0.31-a0-210-gccc998d (webtiles) character file.

Game seed: 16130588578738411468

303 Dawnplanks the Vexing (level 6, -11/44 HPs)
             Began as a Formicid Hexslinger on June 30, 2023.
             Killed from afar by a steam dragon (22 damage)
             ... with a ball of steam
             ... on level 6 of the Dungeon.
             The game lasted 00:07:39 (3308 turns).

Dawnplanks the Vexing (Formicid Hexslinger)         Turns: 3308, Time: 00:07:39

Health: -11/44     AC:  3    Str: 13    XL:     6   Next: 65%
Magic:  8/8        EV: 12    Int: 12    God:
Gold:   153        SH:  4    Dex: 18    Spells: 7/8 levels left

rFire   . . .        e - +2 short sword (venom)
rCold   + . .        k - +0 buckler of Intercession {+Blink rC+ Stlth+}
rNeg    . . .        c - +0 robe
rPois   .            (helmet unavailable)
rElec   .            d - +0 cloak
rCorr   .            (no gloves)
SInv    +            (no boots)
Will    .....        (no amulet)
Stlth   +++          (no ring)
HPRegen 0.27/turn    (no ring)
MPRegen 0.11/turn

%: no passive effects
@: no status effects
A: permanent stasis, dig shafts and tunnels, antennae 3, four strong arms
a: Dig, Shaft Self


You were on level 6 of the Dungeon.
You visited 1 branch of the dungeon, and saw 5 of its levels.
You also visited: Ossuary.

You collected 153 gold pieces.

Inventory:

Hand Weapons
 a - a +1 sling
 e - a +2 short sword of venom (weapon)
Armour
 c - a +0 robe (worn)
 d - a +0 cloak (worn)
 k - the +0 buckler of Intercession (worn) {+Blink rC+ Stlth+}
   (You acquired it in an ossuary)

   rC:        It protects you from cold.
   +Blink:    It lets you blink.
   Stlth:     It makes you more stealthy.
Scrolls
 b - 2 scrolls of poison
 j - a scroll of immolation
 l - 2 scrolls of butterflies
 o - a scroll of revelation {unknown}
 p - a scroll of teleportation
 q - 3 scrolls of blinking {unknown}
Potions
 f - 5 potions of curing
 g - 2 potions of invisibility
 h - 4 potions of haste
 i - a potion of resistance
 m - a potion of heal wounds
 n - a potion of brilliance


   Skills:
 + Level 2.3 Fighting
 + Level 2.3 Short Blades
 + Level 2.4 Ranged Weapons
 + Level 2.7 Dodging
 + Level 3.0 Stealth
 + Level 0.6 Shields
 + Level 1.9 Spellcasting
 + Level 5.1 Hexes


You had 7 spell levels left.
You knew the following spells:

 Your Spells              Type           Power      Damage    Failure   Level
a - Slow                  Hex            52%        N/A       4%          1

Your spell library contained the following spells:

 Spells                   Type           Power      Damage    Failure   Level
 Dazzling Flash           Conj/Hex       14%        N/A       38%         3
 Inner Flame              Hex/Fire       7%         N/A       38%         3
 Portal Projectile        Hex/Tloc       14%        N/A       38%         3
 Cause Fear               Hex            6%         N/A       43%         4
 Hailstorm                Conj/Ice       1%         3d3       75%         3
 Volatile Blastmotes      Fire/Tloc      2%         2d10      75%         3
 Ice Form                 Ice/Tmut       1%         N/A       98%         4
 Iskenderun's Mystic Bla  Conj/Tloc      1%         2d3       98%         4
 Simulacrum               Ice/Necr       0%         N/A       100%        6
 Starburst                Conj/Fire      0%         6d3       100%        6


Dungeon Overview and Level Annotations

Branches:
Dungeon (4/15)            Ossuary (visited)
 Temple: D:4-7

Altars:


Innate Abilities, Weirdness & Mutations

You cannot be hasted, slowed, berserked, paralysed or teleported.
You can dig through walls and to a lower floor.
You have a pair of large antennae on your head. (SInv)
Your four strong arms can wield two-handed weapons with a shield.


Message History

You fall into a shaft and drop 2 floors!
The shaft crumbles and collapses.
Found a dagger.
You start resting.
You sense a monster nearby.
You start resting.
Magic restored.
You start resting.
HP restored.
You see here a +0 dagger.
A steam dragon comes into view.
You hit the steam dragon but do no damage.
The steam dragon bites you! The steam dragon claws you.
You closely miss the steam dragon. The steam dragon closely misses you.
The steam dragon claws you but does no damage.
You closely miss the steam dragon. The steam dragon barely misses you.
The steam dragon claws you.
You hit the steam dragon.
The steam dragon is poisoned.
The steam dragon is lightly wounded.
You hit the steam dragon.
The steam dragon looks as sick as possible!
The steam dragon is moderately wounded.
The steam dragon bites you! The steam dragon claws you.
You hit the steam dragon.
The steam dragon looks as sick as possible!
The steam dragon is heavily wounded.
The steam dragon breathes steam at you. The ball of steam hits you!!
Ouch! That really hurt!
* * * LOW HITPOINT WARNING * * *
You feel much better.
You are engulfed in a cloud of scalding steam.
* * * LOW HITPOINT WARNING * * *
The steam dragon barely misses you. The steam dragon closely misses you.
The steam dragon attacks as you move away!
You block the steam dragon's attack. x2
The steam dragon breathes steam at you. The ball of steam hits you!!
Ouch! That really hurt!
You die...

######
#.ยง@.#######
#D##)......#
#.########.#
#....# #.#
####.# #.# #
### {


You could see a steam dragon (extremely poisoned, catching breath).

Vanquished Creatures
  A water moccasin zombie (Ossuary)
  A howler monkey (D:4)
  An iguana (D:3)
  An orc wizard (D:4)
  2 mummies (Ossuary)
  3 adders
  An ufetubus (D:4)
  3 adder zombies (Ossuary)
  2 worms
  2 dart slugs
  12 orcs
  5 ball pythons (D:1)
  An endoplasm (D:2)
  3 giant cockroaches (D:1)
  4 goblins
  7 hobgoblins
  2 jackals (D:4)
  A quokka (D:2)
  6 bats
  5 frilled lizards
  A gnoll zombie (Ossuary)
  7 hobgoblin zombies (Ossuary)
  5 kobolds
  5 kobold zombies (Ossuary)
  An orc zombie (Ossuary)
  5 rats
87 creatures vanquished.

Notes
Turn   | Place    | Note
-------+----------+-------------------------------------------
     0 | D:1      | Dawnplanks the Formicid Hexslinger began the quest for the
                  | Orb.
     0 | D:1      | Reached XP level 1. HP: 15/15 MP: 2/2
    55 | D:1      | Reached skill level 4 in Hexes
   120 | D:1      | Reached XP level 2. HP: 21/21 MP: 3/3
   434 | D:1      | Reached XP level 3. HP: 26/26 MP: 4/4
   520 | D:2      | Reached skill level 1 in Stealth
   692 | D:2      | Found a faded altar of an unknown god.
   869 | D:2      | Reached XP level 4. HP: 15/32 MP: 5/5
  1510 | D:3      | Reached XP level 5. HP: 20/37 MP: 6/6
  2292 | D:4      | Found a sand-covered staircase.
  2313 | Ossuary  | Entered an ossuary
  2351 | Ossuary  | Reached skill level 1 in Short Blades
  2486 | Ossuary  | Identified a scroll of acquirement
  2494 | Ossuary  | Acquired the +0 buckler of Intercession {+Blink rC+ Stlth+}
  2617 | Ossuary  | Reached XP level 6. HP: 37/44 MP: 6/8
  2791 | D:4      | Reached skill level 5 in Hexes
  3121 | D:4      | Identified the +5 spear of Warghod {flame, Contam rPois rC+
                  | Will+}
  3142 | D:4      | You fall into a shaft and drop 2 floors!
  3298 | D:6      | Noticed a steam dragon
  3304 | D:6      | HP: 1/44 [steam dragon/ball of steam (25)]
  3308 | D:6      | Killed from afar by a steam dragon

Illustrated notes

Levels and vault maps discovered:
D:1:      wander_arrival_estate, layout_rooms
D:2:      layout_basic, hellmonk_ecumenical_altar_heavens_door
D:3:      layout_basic
D:4:      layout_basic, nicolae_ossuary_entry_false_entrances, serial_shops,
          shop_statue
D:6:      layout_basic, minmay_temple_entry_arrows

Skill      XL: |  1  2  3  4  5  6 |
---------------+-------------------+-----
Hexes          | 4 5 |  5.1
Stealth        | 1 2 3 |  3.0
Dodging        | 2 |  2.7
Short Blades   | 1 2 |  2.3
Fighting       | 2 |  2.3
Ranged Weapons | |  2.4
Shields        | |  0.6
Spellcasting   | |  1.9

Action                     |  1- 3 |  4- 6 || total
---------------------------+-------+-------++-------
  Melee: Short sword       |    55 |   198 ||   253
         Punch             |     1 |     3 ||     4
   Fire: Sling             |    19 |       ||    19
   Cast: Slow              |       |    35 ||    35
Ability: Dig               |       |     3 ||     3
         Shaft Self        |       |     1 ||     1
    Use: Scroll            |       |    11 ||    11
         Potion            |       |     1 ||     1
   Stab: Sleeping          |     1 |     4 ||     5
 Armour: Robe              |     5 |    34 ||    39
  Dodge: Dodged            |    50 |   107 ||   157
  Block: Buckler           |       |    18 ||    18

Table legend: (Time is in decaauts)
 A = Elapsed time spent in this place.
 B = Non-inter-level travel time spent in this place.
 C = Inter-level travel time spent in this place.
 D = Time resting spent in this place.
 E = Time spent auto-exploring this place.
 F = Levels seen in this place.
 G = Mean time per level.
                   A        B        C        D        E       F      G
               +--------+--------+--------+--------+--------+-----+--------+
         Total |   3305 |   3204 |    101 |    143 |   2412 |   6 |  550.8 |
       Dungeon |   2928 |   2827 |    101 |    143 |   2181 |   5 |  585.6 |
       Ossuary |    377 |    377 |      0 |      0 |    231 |   1 |  377.0 |
               +--------+--------+--------+--------+--------+-----+--------+

Top non-repeatable levels by time:
     D:3: 953 daAuts
     D:2: 765 daAuts
     D:4: 580 daAuts
     D:1: 462 daAuts
 Ossuary: 377 daAuts
     D:6: 165 daAuts
